[Event "TOP 12F 2021"]
[Site "RENNES, France"]
[Date "2021.08.27"]
[Round "2.1"]
[White "Benmesbah, Natacha"]
[Black "Vega Gutierrez, Sabrina"]
[Result "1-0"]
[TimeControl "1H30 + 30 sec/coup"]
[WhiteElo "2239"]
[BlackElo "2392"]

1. e4 c5 2. Nf3 e6 3. Qe2 Nc6 4. g3 e5 5. Bg2 Nf6 6. O-O Be7 7. Na3 d6 8. c3 O-O 9. Rd1 Re8 10.
d4 exd4 11. cxd4 cxd4 12. Nb5 d5 13. e5 Bc5 14. Qc2 Ne4 15. Nfxd4 Qb6 16. Be3 a6 17. Bxe4 dxe4 18. Nd6 Nxd4 19.
Bxd4 Bxd4 20. Nxe8 Bg4 21. Nd6 e3 22. fxe3 Bxe3+ 23. Kg2 Bxd1 24. Rxd1 Bd4 25. Qc4 Bxb2 26. Qxf7+ Kh8 27. e6 Qc6+ 28.
Kh3 Bf6 29. Qxb7 Qxb7 30. Nxb7 Kg8 31. Rd7 Kf8 32. a4 Be7 33. Nd6 Bxd6 34. Rxd6 a5 35. Rb6 Ke7 36. Kg4 Rc8 37. Kf5 Rc5+ 38.
Ke4 Rc4+ 39. Kd5 Rxa4 40. Rb7+ Kf6 41. Rf7+ Kg6 42. Rf2 Rb4 43. e7 Rb8 44. Rf8 1-0

[Event "TOP 12F 2021"]
[Site "RENNES, France"]
[Date "2021.08.27"]
[Round "2.2"]
[White "Navrotescu, Andreea"]
[Black "Afraoui, Anaelle"]
[Result "1-0"]
[TimeControl "1H30 + 30 sec/coup"]
[WhiteElo "2249"]
[BlackElo "2118"]

1. c4 Nf6 2. d4 g6 3. g3 Bg7 4. Bg2 O-O 5. Nf3 d6 6. O-O Nbd7 7. Nc3 c6 8. e4 e5 9. h3 Qb6 10.
c5 dxc5 11. dxe5 Ne8 12. e6 fxe6 13. Ng5 Ne5 14. f4 Nf7 15. Nxf7 Bd4+ 16. Kh2 Rxf7 17. e5 Qc7 18. Ne4 b6 19.
Qg4 Ng7 20. Nf6+ Kh8 21. Be4 Nf5 22. Qf3 Ba6 23. Rd1 Rc8 24. h4 Bc4 25. Kh3 Bd5 26. g4 Ne7 27. g5 Ng8 28. Be3 Nxf6 29.
gxf6 Bxb2 30. Rab1 Bxe5 31. Bxd5 cxd5 32. fxe5 Qxe5 33. Bg5 Qf5+ 34. Qxf5 gxf5 35. Rb2 h6 36. Bf4 Kh7 37. Be5 Rg8 38.
Rg2 Rxg2 39. Kxg2 b5 40. Rc1 c4 41. Kf3 b4 42. Ke3 a5 43. Kd4 Kg8 44. Rg1+ Kf8 45. Bd6+ Ke8 46. Ke5 Kd7 47. Rg7 1-0

[Event "TOP 12F 2021"]
[Site "RENNES, France"]
[Date "2021.08.27"]
[Round "2.3"]
[White "Haussernot, Cecile"]
[Black "Bonvalot, Isabelle"]
[Result "1-0"]
[TimeControl "1H30 + 30 sec/coup"]
[WhiteElo "2171"]
[BlackElo "1831"]

1. d4 g6 2. e4 Bg7 3. Nc3 d6 4. Be3 c6 5. Qd2 b5 6. a3 Nd7 7. f4 Ngf6 8. Nf3 Nb6 9. d5 Bd7 10.
dxc6 Bxc6 11. Nd4 Bxe4 12. Bxb5+ Nbd7 13. O-O O-O 14. Bc6 Bxc6 15. Nxc6 Qe8 16. Bxa7 Nc5 17. Bxc5 dxc5 18. Ne5 Rb8 19.
Rab1 Qc8 20. Rfe1 Rd8 21. Qe3 Rd4 22. b4 Nd5 23. Nxd5 Rxd5 24. c4 Rd4 25. bxc5 Rxb1 26. Rxb1 Qxc5 27.
Rb8+ Bf8 28. Rxf8+ 1-0

[Event "TOP 12F 2021"]
[Site "RENNES, France"]
[Date "2021.08.27"]
[Round "2.5"]
[White "Seite, Yamina"]
[Black "Guichard, Pauline"]
[Result "0-1"]
[TimeControl "1H30 + 30 sec/coup"]
[WhiteElo "1870"]
[BlackElo "2414"]

1. e4 e5 2. Nf3 Nc6 3. Bb5 Nge7 4. d3 g6 5. Nbd2 Bg7 6. c3 O-O 7. Nf1 a6 8. Ba4 b5 9. Bc2 d5 10.
Bg5 h6 11. Bh4 Be6 12. h3 Qd7 13. N1h2 f5 14. Bxe7 Nxe7 15. Qe2 Nc6 16. exf5 gxf5 17. O-O Bf6 18. Rad1 Kh8 19. Rfe1 Rae8 20.
d4 e4 21. Ne5 Nxe5 22. dxe5 Bxe5 23. Nf1 Rg8 24. Ne3 Qg7 25. f3 Qg3 0-1

[Event "TOP 12F 2021"]
[Site "RENNES, France"]
[Date "2021.08.27"]
[Round "2.7"]
[White "Broly, Mathilde"]
[Black "Le Marec, Laura"]
[Result "1-0"]
[TimeControl "1H30 + 30 sec/coup"]
[WhiteElo "2154"]
[BlackElo "2118"]

1. e4 c5 2. Nf3 a6 3. c4 e6 4. d4 cxd4 5. Nxd4 Nf6 6. Nc3 Qc7 7. a3 b6 8. Be3 Bb7 9. f3 d6 10.
Be2 Nbd7 11. Rc1 Be7 12. b4 O-O 13. O-O Rfe8 14. Qe1 Rac8 15. Qf2 Qb8 16. Na4 d5 17. exd5 exd5 18. Nf5 Qe5 19.
Ng3 dxc4 20. Bd4 Qe6 21. Nxb6 Nxb6 22. Bxb6 Nd5 23. Bd4 Nf4 24. Rfe1 Qd5 25. Rcd1 Qg5 26. Bf1 h5 27. Kh1 h4 28.
Ne4 Qg6 29. Qd2 Nd5 30. Qa2 Qh5 31. Bxc4 Nf4 32. Bf1 h3 33. g4 Qg6 34. Qf2 Bd5 35. Be5 Bxe4 36. Rxe4 Ne6 37. Re2 Red8 38.
Rxd8+ Rxd8 39. Bxh3 Ng5 40. Bf1 Qc6 41. Kg2 Rd3 42. Rc2 Qxf3+ 43. Qxf3 Rxf3 44. h4 Rxa3 45. hxg5 Bxb4 46. Bc4 Kf8 47.
Rf2 f6 48. gxf6 gxf6 49. Rxf6+ Ke7 50. Rxa6 Re3 51. Bf6+ Kd7 52. g5 Be1 53. Bd5 Rd3 54. Be6+ Kc7 55. Ra4 Kd6 56. Bf5 Rg3+ 57.
Kf1 Rf3+ 58. Kxe1 Rxf5 59. Ke2 Ke6 60. Rg4 Kf7 61. g6+ Kg8 62. Bd4 Rf8 63. Rh4 Re8+ 64. Kd3 1-0

[Event "TOP 12F 2021"]
[Site "RENNES, France"]
[Date "2021.08.27"]
[Round "2.8"]
[White "Langer, Karele"]
[Black "Nicoara, Malina"]
[Result "0-1"]
[TimeControl "1H30 + 30 sec/coup"]
[WhiteElo "1320"]
[BlackElo "2066"]

1. d4 Nf6 2. c4 d6 3. Nc3 e5 4. dxe5 dxe5 5. Qxd8+ Kxd8 6. Nf3 Nfd7 7. e4 f6 8. Be2 c6 9.
O-O a5 10. Rd1 Kc7 11. Be3 Na6 12. Rac1 Nac5 13. Nd2 h5 14. b3 Be7 15. a3 Na6 16. Ra1 b6 17. Rdb1 Bb7 18. Na4 g5 19.
Rc1 Rad8 20. Nf1 Nac5 21. Nxc5 Bxc5 22. f3 Bxe3+ 23. Nxe3 Nc5 24. Rab1 Rd2 25. Bf1 a4 26. bxa4 Nxa4 27.
Rd1 Ra2 28. Ra1 Rxa1 29. Rxa1 Bc8 30. Rd1 Be6 31. Rc1 Rd8 32. g3 Rd2 33. h4 gxh4 34. gxh4 Ra2 35. Nc2 Nb2 36. Nb4 Rxa3 37.
Nd5+ Bxd5 38. cxd5 c5 39. Bg2 Kd6 40. Kh2 b5 41. Rg1 Ra2 42. Kh1 c4 43. Bh3 c3 44. Rg6 c2 45. Rxf6+ Ke7 46. Re6+ Kf7 0-1

[Event "TOP 12F 2021"]
[Site "RENNES, France"]
[Date "2021.08.27"]
[Round "2.9"]
[White "Savina, Anastasia"]
[Black "Sebag, Marie"]
[Result "0-1"]
[TimeControl "1H30 + 30 sec/coup"]
[WhiteElo "2336"]
[BlackElo "2447"]

1. d4 d5 2. c4 c6 3. Nf3 Nf6 4. Nc3 e6 5. e3 Nbd7 6. Qc2 Bd6 7. b3 O-O 8. Be2 b6 9. O-O Bb7 10.
Bb2 Qe7 11. Rad1 Rad8 12. Rfe1 Rfe8 13. e4 Nxe4 14. Nxe4 dxe4 15. Qxe4 Bb4 16. Rf1 Ba3 17. Ba1 Nf6 18. Qh4 c5 19.
h3 cxd4 20. Nxd4 Bc5 21. Bd3 Rd7 22. b4 Bxb4 23. Nc2 Ne4 24. Qxe7 Bxe7 25. Bxe4 Rxd1 26. Bxb7 Rd2 27. Nd4 Rxa2 28.
Nb3 Rd8 29. Be4 a5 30. Bd4 a4 31. Bxb6 axb3 32. Bxd8 Bxd8 33. Rb1 f5 34. Bd3 b2 35. Kf1 Kf7 36. Ke2 Bb6 37. c5 Bxc5 38.
Bc4 Ra4 39. Kd3 Ra3+ 40. Kc2 Bd4 41. Bb3 Ra1 42. f3 Kf6 43. Bc4 e5 44. Bd3 g6 45. Kd2 h5 46. Ke2 h4 47. Rd1 Rc1 48.
Bb1 Kg5 49. Ba2 Kf4 0-1

[Event "TOP 12F 2021"]
[Site "RENNES, France"]
[Date "2021.08.27"]
[Round "2.10"]
[White "Javakhishvili, Lela"]
[Black "Doluhanova, Evgeniya"]
[Result "1-0"]
[TimeControl "1H30 + 30 sec/coup"]
[WhiteElo "2470"]
[BlackElo "2207"]

1. d4 Nf6 2. c4 e6 3. Nf3 b6 4. g3 Bb7 5. Bg2 Be7 6. O-O O-O 7. Nc3 Ne4 8. Bd2 Bf6 9. Re1 Nxc3 10.
Bxc3 Be4 11. Qa4 d6 12. Rad1 Qe8 13. Qa3 a5 14. d5 Bxc3 15. Qxc3 e5 16. Bh3 Nd7 17. b3 Nc5 18. a3 Bg6 19.
Nh4 f5 20. b4 Ne4 21. Qd3 Ng5 22. Bg2 axb4 23. axb4 f4 24. Nxg6 Qxg6 25. Qxg6 hxg6 26. Ra1 Rxa1 27. Rxa1 f3 28.
h4 fxg2 29. hxg5 Kf7 30. Ra7 Rc8 31. e4 Ke7 32. Kxg2 Kd7 33. f4 exf4 34. gxf4 Re8 35. Kf3 Rh8 36. e5 dxe5 37. fxe5 Rh3+ 38.
Ke4 Rh4+ 39. Kd3 Rh3+ 40. Kd4 Rh4+ 41. Kc3 Rh3+ 42. Kc2 Re3 43. e6+ Kd6 44. Ra8 c6 45. Rd8+ Ke7 46. Rd7+ Ke8 47.
Rxg7 cxd5 48. cxd5 Re5 49. Rd7 Rxg5 50. Kc3 Rg4 51. Rg7 Kf8 52. Rf7+ Ke8 53. d6 Re4 54. d7+ 1-0

[Event "TOP 12F 2021"]
[Site "RENNES, France"]
[Date "2021.08.27"]
[Round "2.11"]
[White "Maisuradze, Nino"]
[Black "Steil-Antoni, Fiona"]
[Result "0-1"]
[TimeControl "1H30 + 30 sec/coup"]
[WhiteElo "2245"]
[BlackElo "2153"]

1. d4 e6 2. c4 b6 3. a3 Bb7 4. Nc3 f5 5. d5 Be7 6. Nf3 Nf6 7. Nd4 Qc8 8. h3 O-O 9. Bf4 Nh5 10.
Bh2 f4 11. e4 g6 12. Be2 e5 13. Nf5 gxf5 14. Bxh5 fxe4 15. Nxe4 d6 16. Bg4 Qe8 17. Be6+ Kh8 18. g3 Qg6 19.
Qd3 fxg3 20. Bxg3 Na6 21. b4 Bc8 22. Rg1 Qh6 23. c5 0-1

[Event "TOP 12F 2021"]
[Site "RENNES, France"]
[Date "2021.08.27"]
[Round "2.12"]
[White "Thomas, Anysia"]
[Black "Fischer, Julie"]
[Result "1/2-1/2"]
[TimeControl "1H30 + 30 sec/coup"]
[WhiteElo "2170"]
[BlackElo "2073"]

1. d4 Nf6 2. c4 g6 3. Nc3 Bg7 4. e4 d6 5. Nf3 O-O 6. Be2 Na6 7. O-O e5 8. Be3 Ng4 9. Bg5 f6 10.
Bc1 h5 11. h3 Nh6 12. c5 exd4 13. Bxa6 dxc3 14. Bc4+ Nf7 15. cxd6 cxd6 16. bxc3 Qc7 17. Qb3 Kh7 18. Ba3 Ng5 19.
Nxg5+ fxg5 20. Be6 Be5 21. Rad1 Qe7 22. Bxc8 Raxc8 23. Qd5 Rcd8 24. Rd3 b6 25. Bc1 Rc8 26. Ba3 Rcd8 27. Bc1 Rc8 28. Ba3 1/2-1/2

[Event "TOP 12F 2021"]
[Site "RENNES, France"]
[Date "2021.08.27"]
[Round "2.13"]
[White "Paehtz, Elisabeth"]
[Black "Auvray, Juliette"]
[Result "1-0"]
[TimeControl "1H30 + 30 sec/coup"]
[WhiteElo "2466"]
[BlackElo "2004"]

1. e4 c5 2. Nf3 d6 3. d4 cxd4 4. Nxd4 Nf6 5. f3 g6 6. c4 Bg7 7. Nc3 Nc6 8. Nc2 Be6 9. Be3 Rc8 10.
Qd2 h5 11. Be2 Nd7 12. Rb1 Nde5 13. b3 Qa5 14. Nd4 Nxd4 15. Bxd4 f6 16. Rc1 a6 17. O-O Bf7 18. f4 Bh6 19.
h3 Nd7 20. Be3 Rg8 21. h4 g5 22. fxg5 fxg5 23. Rf5 Ne5 24. hxg5 Bg7 25. Bd4 Bg6 26. Rf2 Nf7 27. Be3 Qe5 28.
Bf3 h4 29. Bg4 Rc6 30. Bf5 Bh8 31. Nd5 e6 32. Bf4 Qd4 33. Bxe6 Qxd2 34. Rxd2 Rf8 35. Bf5 Bh5 36. Nf6+ Bxf6 37.
gxf6 Rg8 38. e5 Nxe5 39. Bxe5 Rg5 40. Be4 dxe5 41. Bxc6+ bxc6 42. Rf1 e4 43. Rf4 Bf3 44. f7+ 1-0

[Event "TOP 12F 2021"]
[Site "RENNES, France"]
[Date "2021.08.27"]
[Round "2.14"]
[White "Coriat, Caroline"]
[Black "Skripechenko, Almira"]
[Result "0-1"]
[TimeControl "1H30 + 30 sec/coup"]
[WhiteElo "1784"]
[BlackElo "2411"]

1. c4 e5 2. Nc3 Nc6 3. g3 f5 4. d3 Bb4 5. Bd2 Nf6 6. Bg2 Bxc3 7. Bxc3 d6 8. Nf3 O-O 9. O-O Qe8 10.
b4 Qh5 11. Qd2 Nd8 12. Qg5 Qe8 13. c5 Nf7 14. Qd2 h6 15. Qb2 Ng5 16. Nd2 f4 17. cxd6 cxd6 18. Nc4 Qh5 19. Nxd6 Nh3+ 20.
Kh1 Ng4 21. Bd5+ Kh8 22. e3 fxg3 23. Bxe5 Nhxf2+ 24. Rxf2 Nxf2+ 25. Kg1 Qxh2+ 26. Kf1 Nxd3+ 0-1

[Event "TOP 12F 2021"]
[Site "RENNES, France"]
[Date "2021.08.27"]
[Round "2.15"]
[White "Boutant, Jade"]
[Black "Leconte, Maria"]
[Result "0-1"]
[TimeControl "1H30 + 30 sec/coup"]
[WhiteElo "1747"]
[BlackElo "2232"]

1. c4 e5 2. Nc3 Nf6 3. g3 Bb4 4. Nd5 Nxd5 5. cxd5 a5 6. Bg2 O-O 7. Nf3 d6 8. O-O Bg4 9. h3 Bh5 10. d3 c6 11. dxc6 Nxc6 12. a3 d5 13. Be3 Be7 14.
Rc1 d4 15. Bd2 Qb6 16. b4 axb4 17. axb4 Qb5 18. Qb3 e4 19. dxe4 Qxe2 20. Rfe1 Qb5 21. g4 Bg6 22. Bf1 Qb6 23.
b5 Ra3 24. Qd1 Nd8 25. Ne5 Bh4 26. Nd7 Qd6 27. Nxf8 Bxf2+ 28. Kh1 Rxh3+ 29. Bxh3 Qg3 0-1

[Event "TOP 12F 2021"]
[Site "RENNES, France"]
[Date "2021.08.27"]
[Round "2.16"]
[White "Dornbusch, Tatiana"]
[Black "Parot de Sousa, Sophie"]
[Result "1-0"]
[TimeControl "1H30 + 30 sec/coup"]
[WhiteElo "2249"]
[BlackElo "1447"]

1. d4 d5 2. c4 c6 3. Nf3 Nf6 4. e3 Nbd7 5. Nc3 e6 6. Qc2 Be7 7. Bd3 dxc4 8. Bxc4 b5 9. Bd3 Bb7 10.
e4 a6 11. e5 Nd5 12. Nxd5 cxd5 13. h4 Rc8 14. Qe2 Qa5+ 15. Bd2 Bb4 16. O-O Bxd2 17. Nxd2 O-O 18. Qh5 h6 19. Nf3 f5 20.
exf6 Nxf6 21. Qg6 Qb6 22. Rad1 Ne4 23. Bb1 Rf6 24. Qh5 Qd6 25. Qe5 Qe7 26. Nd2 Rf5 27. Qh2 Rcf8 28. Nxe4 dxe4 29.
f3 Rf4 30. fxe4 Qxh4 31. Qxh4 Rxh4 32. Rxf8+ Kxf8 33. Re1 Ke7 34. g3 Rg4 35. Kf2 Rg5 36. Rc1 Kd6 37. a3 Rh5 38. Kg2 g5 39. Rf1 Ke7 40. Bd3 g4 41.
Rf4 Rg5 42. Kf2 h5 43. Ke3 Ba8 44. Rf2 Rg8 45. Rh2 Rf8 46. Be2 Rc8 47. Rxh5 Rc2 48. Rh7+ Kd6 49. e5+ Kd5 50. Ke4+ Rc3+ 1-0